 Dungeon Crawl Stone Soup version 0.29.0-4-gdea44cf6ec (webtiles) character file.

Game seed: 2423942865215641028

1446 qw the Cleaver (level 8, 0/51 HPs)
             Began as a Gargoyle Fighter on Sept 4, 2022.
             Slain by a wight
             ... wielding a +2 halberd
              (3 damage)
             ... on level 6 of the Dungeon.
             The game lasted 00:02:25 (5051 turns).

qw the Cleaver (Gargoyle Fighter)                   Turns: 5051, Time: 00:02:25

Health: 0/51       AC: 16    Str: 22    XL:     8   Next: 75%
Magic:  0/8        EV:  7    Int:  9    God:
Gold:   239        SH:  4    Dex:  9    Spells: 7/7 levels left

rFire   . . .      SeeInvis .   Y - +1 war axe
rCold   + . .      Faith    .   c - +0 buckler
rNeg    + . .      Spirit   +   g - +0 chain mail
rPois   inf        Reflect  .   i - +0 helmet
rElec   +          Harm     .   (no cloak)
rCorr   .          Rampage  .   (no gloves)
Will    .....                   (no boots)
Stlth   ..........              j - amulet of guardian spirit
HPRegen 0.17/turn               a - ring of protection from cold
MPRegen 0.11/turn               (no ring)

@: about to teleport
A: sickness immunity, AC +5, negative energy resistance 1, electricity
resistance, torment resistance 1, petrification resistance
a: no special abilities


You were on level 6 of the Dungeon.
You visited 2 branches of the dungeon, and saw 7 of its levels.

You collected 239 gold pieces.


Innate Abilities, Weirdness & Mutations

You are immune to sickness and miasma.
Your stone body is resilient. (AC +5)
You are immune to poison.
You resist negative energy. (rN+)
You are resistant to electric shocks. (rElec)
You are resistant to unholy torment.
You are immune to petrification.


   Skills:
 - Level 6.3 Fighting
 + Level 8.2 Axes
 - Level 4.0 Armour
 - Level 1.6 Dodging
 - Level 3.2 Shields


You had 7 spell levels left.
You didn't know any spells.
Your spell library was empty.

Inventory:

Hand Weapons
 f - a +1 flail of protection
 Y - a +1 war axe (weapon)
Armour
 c - a +0 buckler (worn)
 g - a +0 chain mail (worn)
 i - a +0 helmet (worn)
Jewellery
 a - a ring of protection from cold (left hand)
 j - an amulet of guardian spirit (around neck)
 p - a ring of ice
 q - an amulet of regeneration
Scrolls
 b - 3 scrolls of teleportation
 o - a scroll of identify
Potions
 d - a potion of might
 e - 2 potions of flight {unknown}
 k - a potion of curing
 n - a potion of ambrosia {unknown}
 r - a potion of lignification {unknown}

Dungeon Overview and Level Annotations

Branches:
Dungeon (6/15)             Temple (1/1) D:4

Altars:
Ashenzari
Cheibriados
Elyvilon
Fedhas
Gozag
Kikubaaqudgha
Makhleb
Nemelex Xobeh
Qazlal
Sif Muna
Trog
Wu Jian
Xom
Zin


Message History

You barely miss the wight.
The wight is heavily damaged.
You hit the wight but do no damage.
Your surroundings seem slightly different.
You barely miss the wight.
The wight is heavily damaged.
You hit the wight.
The wight is heavily damaged.
You slash the wight! The wight hits you but does no damage.
The wight hits you with a +4 long sword.
You block the wight's attack. The wight closely misses you.
You hit the wight but do no damage.
The wight is severely damaged.
You slash the wight!
You destroy the wight!
The wight hits you but does no damage.
The wight hits you from afar with a +2 halberd.
The wight hits you but does no damage.
You barely miss the wight.
The wight is severely damaged.
The wight hits you but does no damage.
The wight hits you from afar with a +2 halberd.
The wight hits you with a +4 long sword!
5049 ||| READING 4 scrolls of teleportation.
As you read the scroll of teleportation, it crumbles to dust.
You feel strangely unstable. The wight completely misses you.
The wight barely misses you.
The wight hits you with a +4 long sword.
You hit the wight but do no damage.
The wight is severely damaged.
The wight completely misses you. The wight hits you but does no damage.
The wight closely misses you.
The wight hits you from afar with a +3 trident.
The wight hits you with a +4 long sword.
The wight barely misses you.
You slash the wight!
You destroy the wight!
The wight hits you from afar with a +2 halberd.
You die...

#.......###......#
#.......###...)..#
#...)....[.......#
#...# #.........#
#...# #.........#
#...## #..........
#zz..####.........
#.)(...##.........
#@).##.##.....##.#
#...##.##.........
#...##..#........%
#...###..###......
##...#...# #######
#...#...#
#...#...##
...##...#
...##...##


You could see 2 wights.

Vanquished Creatures
  Grinder (D:3)
  A water moccasin (D:5)
  2 black bears
  A sky beast (D:6)
  An ogre (D:6)
  2 scorpions
  3 wights (D:6)
  A howler monkey (D:4)
  An orc priest (D:3)
  3 jellies (D:5)
  3 hounds
  A gnoll bouda (D:5)
  4 iguanas
  An orc wizard (D:5)
  6 adders
  3 gnolls (D:5)
  An ufetubus (D:3)
  8 orcs
  6 ball pythons
  4 endoplasms
  2 giant cockroaches
  14 goblins
  12 hobgoblins
  3 quokkas
  4 bats
  2 frilled lizards
  7 kobolds
  2 rats
99 creatures vanquished.

Notes
Turn   | Place    | Note
-------+----------+-------------------------------------------
     0 | D:1      | qw the Gargoyle Fighter began the quest for the Orb.
     0 | D:1      | Reached XP level 1. HP: 14/14 MP: 1/1
     0 | D:1      | 0 ||| qw: Version: 0.1-a-102-g441f92d
     0 | D:1      | 0 ||| qw: Game counter: 5345
     0 | D:1      | 0 ||| qw: Always use a shield: true
     0 | D:1      | 0 ||| qw: God list: Okawaru
     0 | D:1      | 0 ||| qw: Allow faded altars: false
     0 | D:1      | 0 ||| qw: Do Orc after D:15 true
     0 | D:1      | 0 ||| qw: Do second Lair branch before Depths: true
     0 | D:1      | 0 ||| qw: Lair rune preference: random
     0 | D:1      | 0 ||| qw: Plans: Normal
     0 | D:1      | 0 ||| PLANNING D:1-11
    71 | D:1      | Reached skill level 2 in Axes
   220 | D:1      | Reached XP level 2. HP: 13/19 MP: 2/2
   524 | D:1      | 524 ||| Stepping ~*~*~tactically~*~*~ (stealth).
   732 | D:1      | Found a faded altar of an unknown god.
   917 | D:1      | 917 ||| READING scroll labelled QIOFEMO HORAUR.
   918 | D:1      | 918 ||| READING scroll labelled VIUKHL MEERO.
   919 | D:1      | 919 ||| READING 2 scrolls labelled WEUTUMEATH.
   920 | D:1      | 920 ||| READING scroll labelled POOCHOYCUPI.
  1021 | D:1      | 1021 ||| READING scroll labelled USUOKA JEHOPIS.
  1022 | D:1      | 1022 ||| READING scroll labelled ZUOMOINT CEORPH.
  1027 | D:1      | 1027 ||| DRINKING 2 sedimented orange potions.
  1028 | D:1      | 1028 ||| DROPPING scroll of butterflies.
  1029 | D:1      | 1029 ||| DROPPING potion of invisibility.
  1169 | D:2      | Reached skill level 3 in Axes
  1169 | D:2      | 1169 ||| FLEEEEING.
  1170 | D:2      | 1170 ||| FLEEEEING.
  1171 | D:2      | 1171 ||| FLEEEEING.
  1172 | D:2      | 1172 ||| FLEEEEING.
  1223 | D:2      | Reached XP level 3. HP: 22/23 MP: 3/3
  1275 | D:2      | 1275 ||| DROPPING +0 club.
  1289 | D:2      | 1289 ||| Stepping ~*~*~tactically~*~*~ (stealth).
  1416 | D:2      | 1416 ||| Stepping ~*~*~tactically~*~*~ (stealth).
  1590 | D:2      | 1590 ||| UPGRADING to +0 helmet.
  1595 | D:2      | 1595 ||| READING scroll labelled QUCAREUR JYAGG.
  1596 | D:2      | 1596 ||| READING scroll labelled TAKIRU ATEIS.
  1645 | D:2      | 1645 ||| READING scroll labelled YKER UWKUMI.
  1646 | D:2      | 1646 ||| READING scroll labelled FOSASO FOPAI.
  1673 | D:3      | 1673 ||| Stepping ~*~*~tactically~*~*~ (stealth).
  1682 | D:3      | 1682 ||| Stepping ~*~*~tactically~*~*~ (hiding).
  1690 | D:3      | Reached skill level 4 in Axes
  1690 | D:3      | Reached XP level 4. HP: 17/28 MP: 4/4
  1796 | D:3      | 1796 ||| Stepping ~*~*~tactically~*~*~ (stealth).
  1797 | D:3      | 1797 ||| FLEEEEING.
  1800 | D:3      | 1800 ||| STAIRDANCE
  1886 | D:3      | 1886 ||| DROPPING +0 mace.
  2108 | D:3      | Reached XP level 5. HP: 32/32 MP: 5/5
  2199 | D:3      | Noticed Grinder
  2200 | D:3      | 2200 ||| Stepping ~*~*~tactically~*~*~ (hiding).
  2202 | D:3      | 2202 ||| Stepping ~*~*~tactically~*~*~ (hiding).
  2222 | D:3      | HP: 6/32 [Grinder/nerve-wracking pain (3)]
  2223 | D:3      | 2223 ||| READING 2 scrolls of teleportation.
  2226 | D:3      | 2226 ||| READING scroll of teleportation.
  2243 | D:3      | HP: 7/32 [adder (1)]
  2526 | D:3      | 2526 ||| Stepping ~*~*~tactically~*~*~ (hiding).
  2539 | D:3      | Killed Grinder
  2540 | D:3      | Reached skill level 6 in Axes
  2540 | D:3      | Reached XP level 6. HP: 21/37 MP: 6/6
  2768 | D:3      | 2768 ||| UPGRADING to +0 chain mail.
  2778 | D:3      | 2778 ||| DROPPING +0 scale mail.
  2779 | D:3      | 2779 ||| UPGRADING to amulet of guardian spirit.
  2784 | D:3      | 2784 ||| READING 2 scrolls labelled SOXIEJ WOSKU.
  2785 | D:3      | 2785 ||| READING 4 scrolls of identify.
  2785 | D:3      | 2785 ||| IDENTIFYING blue potion
  2786 | D:3      | 2786 ||| READING 3 scrolls of identify.
  2786 | D:3      | 2786 ||| IDENTIFYING glowing amethyst potion
  2787 | D:3      | 2787 ||| READING 2 scrolls of identify.
  2787 | D:3      | 2787 ||| IDENTIFYING orange potion
  2788 | D:3      | 2788 ||| DROPPING potion of brilliance.
  2789 | D:3      | 2789 ||| DROPPING potion of berserk rage.
  2790 | D:3      | 2790 ||| DROPPING potion of degeneration.
  2791 | D:3      | 2791 ||| DROPPING scroll of immolation.
  3302 | D:4      | Reached XP level 7. HP: 41/44 MP: 5/7
  3370 | D:4      | Reached skill level 1 in Dodging
  3413 | D:4      | Found a staircase to the Ecumenical Temple.
  3414 | D:4      | 3414 ||| PLANNING TEMPLE
  3414 | D:4      | 3414 ||| DRINKING 3 silvery potions.
  3423 | Temple   | Entered the Ecumenical Temple
  3622 | Temple   | 3622 ||| PLANNING D:1-11
  3785 | D:4      | Found an ornate altar of the Wu Jian Council.
  3968 | D:4      | 3968 ||| UPGRADING to ring of protection from cold.
  3975 | D:5      | Entered Level 5 of the Dungeon
  4187 | D:5      | Identified the +9 dagger of Yzuwur {vorpal, Int+3}
  4300 | D:5      | 4300 ||| Stepping ~*~*~tactically~*~*~ (stealth).
  4312 | D:5      | 4312 ||| Stepping ~*~*~tactically~*~*~ (stealth).
  4319 | D:5      | Reached skill level 7 in Axes
  4334 | D:5      | 4334 ||| DRINKING 3 potions of curing.
  4334 | D:5      | 4334 ||| (to cure confusion)
  4341 | D:5      | 4341 ||| DRINKING 2 potions of curing.
  4341 | D:5      | 4341 ||| (to cure confusion)
  4545 | D:5      | Reached XP level 8. HP: 46/49 MP: 8/8
  4737 | D:5      | 4737 ||| DRINKING 3 coppery potions.
  4768 | D:6      | HP: 8/49 [ogre/+0 giant club (14)]
  4769 | D:6      | 4769 ||| READING 3 scrolls of teleportation.
  4770 | D:6      | 4770 ||| DRINKING 2 potions of heal wounds.
  4860 | D:6      | 4860 ||| Stepping ~*~*~tactically~*~*~ (stealth).
  4870 | D:6      | Reached skill level 8 in Axes
  4970 | D:6      | Reached skill level 6 in Fighting
  5038 | D:6      | HP: 12/51 [wight/+4 battleaxe (6)]
  5039 | D:6      | 5039 ||| READING 5 scrolls of teleportation.
  5040 | D:6      | 5040 ||| DRINKING potion of heal wounds.
  5048 | D:6      | HP: 12/51 [wight/+4 long sword (7)]
  5049 | D:6      | 5049 ||| READING 4 scrolls of teleportation.
  5050 | D:6      | HP: 5/51 [wight/+3 trident (6)]
  5051 | D:6      | Slain by a wight

Levels and vault maps discovered:
D:1:      noname_arrival_rooms_in_the_neighbourhood, layout_loops_ring,
          shapermc_ecumenical_altar_mp_highgroup
D:2:      layout_basic
D:3:      layout_basic, uniq_grinder
D:4:      layout_gridville, nzn_wu_jian_council_hall, temple_fountains,
          minmay_liquid_box
D:5:      layout_basic
D:6:      layout_basic, serial_curves, eino_curves_01, eino_curves_01,
          eino_curves_04
Temple:   nicolae_temple_figure_eight

Skill      XL: |  1  2  3  4  5  6  7  8 |
---------------+-------------------------+-----
Axes           | 2 3 4 6 7 8 |  8.2
Fighting       | 4 5 6 |  6.3
Dodging        | 1 |  1.6
Armour         | 4 |  4.0
Shields        | |  3.2

Action                   |  1- 3 |  4- 6 |  7- 9 || total
-------------------------+-------+-------+-------++-------
Melee: War axe           |   130 |    96 |   162 ||   388
  Use: Scroll            |    10 |     6 |     3 ||    19
       Potion            |     1 |       |     6 ||     7
Armor: Scale mail        |    83 |    31 |       ||   114
       Chain mail        |       |     6 |   100 ||   106
Dodge: Dodged            |    66 |    32 |    53 ||   151
Block: Buckler           |    19 |    15 |    39 ||    73

Table legend:
 A = Non-vault XP
 B = Vault XP
 C = Vault XP percentage of total XP
 D = Non-vault monster count
 E = Vault monster count
 F = Vault count percentage of total count
                 A         B        C        D         E       F
            +---------+---------+-------+---------+---------+-------
      Total |    1868 |     277 |  12.9 |      98 |       1 |   1.0
            +---------+---------+-------+---------+---------+-------
        D:1 |      27 |       0 |   0.0 |      16 |       0 |   0.0
        D:2 |      39 |       0 |   0.0 |      16 |       0 |   0.0
        D:3 |     126 |     277 |  68.7 |      23 |       1 |   4.2
        D:4 |     278 |       0 |   0.0 |      16 |       0 |   0.0
        D:5 |     720 |       0 |   0.0 |      19 |       0 |   0.0
        D:6 |     678 |       0 |   0.0 |       8 |       0 |   0.0
            +---------+---------+-------+---------+---------+-------
